 Dungeon Crawl Stone Soup version 0.30-a0-723-gc1506a1cf0 (webtiles) character file.

Game seed: 7403546902492176546

21 drugrobin the Sneak (level 2, 0/25 HPs)
             Began as a Demigod Delver on Jan 29, 2023.
             Succumbed to an adder's poison
             ... in a sewer.
             The game lasted 00:04:11 (483 turns).

drugrobin the Sneak (Demigod Delver)                 Turns: 483, Time: 00:04:12

Health: 0/25       AC:  3    Str: 13    XL:     2   Next: 45%
Magic:  4/4        EV: 12    Int: 12    God:
Gold:   29         SH:  0    Dex: 15    Spells: 1/1 levels left

rFire   . . .      SeeInvis .      - Unarmed
rCold   . . .      Faith    .    (no shield)
rNeg    . . .      Spirit   .    a - +0 leather armour
rPois   .          Reflect  .    (no helmet)
rElec   .          Harm     .    (no cloak)
rCorr   .          Rampage  .    (no gloves)
Will    .....                    (no boots)
Stlth   +++                      (no amulet)
HPRegen 0.24/turn                (no ring)
MPRegen 0.09/turn                (no ring)

@: lethally poisoned (0 -> -2)
A: high MP 1, forlorn, divine attributes
a: no special abilities


You were in a sewer.
You visited 1 branch of the dungeon, and saw 2 of its levels.
You also visited: Sewer.

You collected 29 gold pieces.

Inventory:

Hand Weapons
 h - a +0 falchion
Armour
 a - a +0 leather armour (worn)
Scrolls
 b - a scroll of fog


   Skills:
 - Level 2.7 Fighting
 - Level 1.8 Dodging
 - Level 4.5 Stealth
 + Level 2.9 Unarmed Combat


You had one spell level left.
You didn't know any spells.
Your spell library was empty.

Dungeon Overview and Level Annotations

Branches:
Dungeon (5/15)             Temple (0/1) D:5           Sewer (1/1)

Annotations:
D:4 Ijyb
D:5 exclusions: hound and 2 scorpions


Innate Abilities, Weirdness & Mutations

You have an increased reservoir of magic. (+10% MP)
You shall have no god before yourself.
Your divine heritage dramatically boosts your attributes as you level up.


Message History

The rat bites you.
You hit the adder.
The adder is severely wounded.
The rat splashes around in the water.
The adder bites you.
The rat splashes around in the water.
You miss the adder. Your punch misses the adder.
The adder is severely wounded.
The adder bites you.
* * * LOW HITPOINT WARNING * * *
The rat barely misses you. The rat closely misses you.
You closely miss the adder.
The adder is severely wounded.
The adder bites you.
* * * LOW HITPOINT WARNING * * *
You are poisoned.
The adder poisons you!
The rat splashes around in the water.
The adder barely misses you. The rat bites you.
* * * LOW HITPOINT WARNING * * *
Unknown command.
You hit the adder.
The adder is severely wounded.
* * * LOW HITPOINT WARNING * * *
You feel sick. The rat misses you. The adder bites you but does no damage.
The rat bites you but does no damage.
Unknown command.
Unknown command.
You hit the adder but do no damage.
The adder is severely wounded.
* * * LOW HITPOINT WARNING * * *
You feel sick. The adder barely misses you. The rat barely misses you. x2
You hit the adder.
You kill the adder!
* * * LOW HITPOINT WARNING * * *
You feel sick. The rat completely misses you.
The rat splashes around in the water.
Unknown command.
You aren't carrying any potions.
Unknown command.
You closely miss the rat.
You die...

#......##
#......#
##~..~.#
#≈≈~~≈≈#
#≈~~≈≈≈#
#≈≈~~≈≈#
#≈≈r≈≈≈#
#≈†r~≈≈#
#≈@r#~≈#
#≈≈#~~≈#
#≈≈≈~.≈#
#≈≈≈~≈≈#
#≈~~#≈≈#
#≈≈~≈≈≈#
#≈≈~~≈≈#
#≈≈~≈~≈#
#≈~≈~≈≈#


You could see 3 rats.

Vanquished Creatures
  An adder (Sewer)
  A river rat (Sewer)
  3 rats
5 creatures vanquished.

Notes
Turn   | Place    | Note
-------+----------+-------------------------------------------
     0 | D:5      | drugrobin the Demigod Delver began the quest for the Orb.
     0 | D:5      | Reached XP level 1. HP: 18/18 MP: 3/3
    14 | D:5      | Noticed a scorpion
    44 | D:4      | Noticed Ijyb
    65 | D:5      | Noticed a hound
    65 | D:5      | Noticed a scorpion
   121 | D:5      | Found a staircase to the Ecumenical Temple.
   186 | D:5      | Noticed an ice beast
   239 | D:5      | Found a glowing drain.
   245 | Sewer    | Entered a sewer
   372 | Sewer    | Reached XP level 2. HP: 12/25 MP: 4/4
   481 | Sewer    | HP: 1/25 [poisoned by an adder]
   483 | Sewer    | Succumbed to an adder's poison

Illustrated notes

Levels and vault maps discovered:
D:4:      layout_basic, minitemple, dancing_weapons_uskayaw, uniq_ijyb
D:5:      layout_basic, grunt_dithmenos_smoke, temple_statues,
          portal_sewer_entry_e
Sewer:    sewer_minmay_w

Skill      XL: |  1 |
---------------+----+-----
Unarmed Combat | 2 |  2.9
Fighting       | |  2.7
Dodging        | |  1.8
Stealth        | |  4.5

Action                     || total
---------------------------++-------
  Melee: Falchion          ||    23
         Unarmed           ||    14
  Evoke: Wand              ||     3
    Use: Potion            ||     3
         Scroll            ||     2
 Armour: Leather armour    ||    13
  Dodge: Dodged            ||    43

Table legend: (Time is in decaauts)
 A = Elapsed time spent in this place.
 B = Non-inter-level travel time spent in this place.
 C = Inter-level travel time spent in this place.
 D = Time resting spent in this place.
 E = Time spent auto-exploring this place.
 F = Levels seen in this place.
 G = Mean time per level.
                   A        B        C        D        E       F      G
               +--------+--------+--------+--------+--------+-----+--------+
         Total |    493 |    448 |     45 |    121 |     19 |   3 |  164.3 |
       Dungeon |    246 |    201 |     45 |      9 |      0 |   2 |  123.0 |
         Sewer |    246 |    246 |      0 |    112 |     19 |   1 |  246.0 |
               +--------+--------+--------+--------+--------+-----+--------+

Top non-repeatable levels by time:
   Sewer: 246 daAuts
     D:5: 244 daAuts
     D:4: 1 daAuts
